 Dungeon Crawl Stone Soup version 0.24.0-123-gd5b16e6ec5 (webtiles) character file.

Game seed: 6371450471120983601, levelgen mode: deterministic

196 Descartes the Digger (level 5, -1/31 HPs)
             Began as a Gargoyle Earth Elementalist on Jan 21, 2020.
             Slain by an orc
             ... wielding a +0 flail
              (5 damage)
             ... on level 2 of the Dungeon.
             The game lasted 00:08:56 (3294 turns).

Descartes the Digger (Gargoyle Earth Elementalist)  Turns: 3294, Time: 00:08:56

Health: -1/31      AC: 12    Str: 11    XL:     5   Next: 75%
Magic:  9/9        EV:  5    Int: 17    God:
Gold:   71         SH:  0    Dex: 10    Spells: 9/10 levels left

rFire    . . .     SeeInvis +   C - +2 short sword (vamp)
rCold    + . .     Gourm    .   (no shield)
rNeg     + . .     Faith    .   n - +0 chain mail
rPois    ∞         Spirit   .   (no helmet)
rElec    +         Reflect  .   (no cloak)
rCorr    .         Harm     .   (no gloves)
MR       .....                  (no boots)
Stlth    ..........             (no amulet)
HPRegen  0.10/turn              k - ring of see invisible
MPRegen  0.11/turn              l - ring of protection from cold

@: no status effects
A: negative energy resistance 1, electricity resistance, unbreathing,
petrification resistance, rot immunity, AC +4
a: no special abilities


You were on level 2 of the Dungeon.
You were not hungry.

You visited 1 branch of the dungeon, and saw 3 of its levels.

You collected 71 gold pieces.

Inventory:

Hand Weapons
 a - a +0 short sword
 v - a +1 short sword of holy wrath
 z - a +0 hunting sling
 C - a +2 vampiric short sword (weapon)
Missiles
 b - 58 stones (quivered)
 i - 5 atropa-tipped darts
 m - 17 poisoned darts
 o - 14 arrows
 A - 8 boomerangs
 E - 19 bolts
Armour
 c - a +0 robe
 f - a +0 ring mail
 j - a +0 scale mail
 n - a +0 chain mail (worn)
 q - a +0 scale mail
Jewellery
 k - a ring of see invisible (left hand)
 l - a ring of protection from cold (right hand)
 w - a +1 ring of protection
 y - an uncursed ring of stealth
 D - an uncursed ring of fire
Scrolls
 e - a scroll of amnesia {unknown}
 g - a scroll of fear {unknown}
 h - 2 scrolls of identify {unknown}
 r - a scroll of remove curse {unknown}
 x - a scroll of teleportation {unknown}
 B - a scroll of fog {unknown}
Potions
 p - 3 potions of heal wounds {unknown}
 s - a potion of flight {unknown}
 t - 2 potions of ambrosia {unknown}
 u - a potion of cancellation {unknown}
Comestibles
 d - 3 rations
 F - 8 chunks of flesh


   Skills:
 + Level 2.4 Fighting
 + Level 2.2 Armour
 + Level 2.5 Dodging
 - Level 2.1 Stealth
 + Level 3.0 Spellcasting
   Level 0.7 Transmutations
 + Level 4.5 Earth Magic


You had 9 spell levels left.
You knew the following spells:

 Your Spells              Type           Power        Failure   Level  Hunger
a - Sandblast             Erth           ###...       80%         1    None

Your spell library contained the following spells:

 Spells                   Type           Power        Failure   Level  Hunger
 Passwall                 Tmut/Erth      ##......     99%         2    ##.....
 Stone Arrow              Conj/Erth      ##....       100%        3    ###....
 Petrify                  Tmut/Erth      ##......     100%        4    ####...
 Lee's Rapid Deconstruct  Erth           ###.......   100%        5    ######.


Dungeon Overview and Level Annotations

Branches:
Dungeon (3/15)

Altars:

Annotations:
D:3 Robin


Innate Abilities, Weirdness & Mutations

You are resistant to torment.
Your stone body is resilient. (AC +4)
You are immune to poison.
You resist negative energy. (rN+)
You are resistant to electric shocks. (rElec)
You can survive without breathing.
You are immune to petrification.
You are immune to rotting.


Message History

The goblin barely misses you. The orc hits you but does no damage.
The orc barely misses you.
The orc priest hits you but does no damage.
You barely miss the orc priest.
The orc priest is heavily wounded.
The orc hits you but does no damage. The goblin hits you but does no damage.
The orc priest hits you but does no damage.
The orc hits you but does no damage. The orc closely misses you.
Unknown command.
You hit the orc priest.
You feel better.
The orc priest is almost dead.
The goblin barely misses you. The orc hits you but does no damage.
The orc priest invokes the aid of Beogh against you.
Beogh smites you!
* * * LOW HITPOINT WARNING * * *
You hit the orc priest.
You feel better.
You kill the orc priest!
Your Spellcasting skill increases to level 3!
The goblin barely misses you. The orc hits you with a +0 flail.
You die...

#......###.#######..)....
#......###.# ##...<....
#......##..# ##.......##
#....^.##.## #..........
### #......##.#
##[#......#. #≈#
####...##[####..#......##
###≈#
##...<#.......#......#.
##≈≈≈#
#....o)................
≈#≈≈##
#.<..o@g..#############
≈#≈#≈#
#......#..##....####.#.
≈#≈#≈#
#......#..#÷#.....###.#
#≈≈#≈#
#.........####.......#.
#≈##≈# #..###....#
#.#[....#.. #≈##≈# #..#
#....# ####.#....# #≈##≈#
#..# #....# #.#.#..#.
#≈##≈# #..#
#....############.
###≈≈#######.#
#.........)#.#####


You could see 2 orcs and a goblin.

Vanquished Creatures
  An orc priest (D:2)
  Terence (D:1)
  5 adders
  3 oozes
  A worm (D:2)
  A leopard gecko (D:1)
  2 orcs (D:2)
  4 bats
  5 giant cockroaches
  10 goblins
  4 hobgoblins
  8 jackals (D:1)
  2 quokkas (D:2)
  A ball python (D:1)
  2 frilled lizards
  16 kobolds
  9 rats
75 creatures vanquished.

Vanquished Creatures (others)
  A plant (D:1)
1 creature vanquished.

Grand Total: 76 creatures vanquished

Notes
Turn   | Place    | Note
-------+----------+-------------------------------------------
     0 | D:1      | Descartes the Gargoyle Earth Elementalist began the quest
                  | for the Orb.
     0 | D:1      | Reached XP level 1. HP: 10/10 MP: 3/3
   408 | D:1      | Reached XP level 2. HP: 8/16 MP: 5/5
  1407 | D:1      | Reached skill level 1 in Fighting
  1407 | D:1      | Reached skill level 1 in Armour
  1407 | D:1      | Reached XP level 3. HP: 17/20 MP: 6/6
  1485 | D:1      | Reached skill level 4 in Earth Magic
  1728 | D:2      | Reached XP level 4. HP: 14/25 MP: 7/7
  1851 | D:2      | Noticed Terence
  2095 | D:1      | Killed Terence
  2338 | D:2      | Reached XP level 5. HP: 30/30 MP: 9/9
  3086 | D:3      | Noticed Robin
  3294 | D:2      | Slain by an orc

Levels and vault maps discovered:
D:1:      psy_arrival_basics, layout_basic, serial_forest,
          infiniplex_forest_clump_C, infiniplex_forest_zigzag_1,
          infiniplex_forest_clump_double, infiniplex_forest_lined_2,
          infiniplex_forest_straight_5, infiniplex_forest_clump_large,
          lexackson_kobold_supper
D:2:      wad_crossroads, layout_rooms, chequers_serial_rivers_large_b,
          uniq_terence
D:3:      layout_rooms, first_ration, uniq_robin, uniq_jessica

Skill      XL: |  1  2  3  4  5 |
---------------+----------------+-----
Fighting       | 1 2 |  2.4
Armour         | 1 2 |  2.2
Dodging        | 2 |  2.5
Earth Magic    | 4 |  4.5
Spellcasting   | 3 |  3.0
Stealth        | |  2.1
Transmutations | |  0.7

Action                   |  1- 3 |  4- 6 || total
-------------------------+-------+-------++-------
Melee: Short sword       |   247 |   202 ||   449
       Unarmed           |    10 |       ||    10
 Cast: Sandblast         |     8 |     2 ||    10
  Eat: Chunk             |     3 |     6 ||     9
Armor: Ring mail         |    81 |    41 ||   122
       Robe              |     4 |       ||     4
       Chain mail        |       |   167 ||   167
Dodge: Dodged            |    86 |   111 ||   197
